 Dungeon Crawl Stone Soup version 0.23-a0-359-g9beedce (webtiles) character file.

39048 Amnesiac the Slicer (level 13, -10/96 HPs)
             Began as a Vampire Earth Elementalist on Oct 23, 2018.
             Was the Champion of Dithmenos.
             Mangled by nht's ghost (28 damage)
             ... on level 1 of the Orcish Mines.
             The game lasted 01:08:23 (15656 turns).

Amnesiac the Slicer (Vampire Earth Elementalist)   Turns: 15656, Time: 01:08:23

Health: -10/96     AC: 14    Str:  7    XL:     13   Next: 67%
Magic:  26/27      EV: 19    Int: 17    God:    Dithmenos [******]
Gold:   794        SH:  6    Dex: 22    Spells: 14/32 levels left

rFire    . . .     SeeInvis +   a - +2 quick blade
rCold    + + .     Gourm    .   q - +0 buckler
rNeg     + + +     Faith    .   m - +2 troll leather armour {Snorg}
rPois    ∞         Spirit   .   E - +2 helmet "Bug Foz" {rN+ Int-2 Dex+4}
rElec    .         Reflect  .   K - +2 cloak {+Inv}
rCorr    .         Harm     .   i - +0 pair of gloves
MR       ++...                  y - +0 pair of boots
Stlth    ++++++++++             p - amulet of magic regeneration
HPRegen  0.00/turn              w - ring of protection from magic
MPRegen  0.45/turn              (no ring)

@: bloodless, non-regenerating, wreathed by umbra
A: fangs 3, see invisible, unbreathing
a: Bat Form, Shadow Step, Shadow Form, Renounce Religion, Evoke Invisibility


You were on level 1 of the Orcish Mines.
You worshipped Dithmenos.
Dithmenos was exalted by your worship.
You were bloodless.

You visited 3 branches of the dungeon, and saw 16 of its levels.

You collected 1770 gold pieces.
You spent 976 gold pieces at shops.

Inventory:

Hand Weapons
 a - a +2 quick blade (weapon)
Missiles
 x - 94 stones (quivered)
Armour
 i - a +0 pair of gloves (worn)
 m - a +2 troll leather armour (worn) {Snorg}
 q - a +0 buckler (worn)
 y - a +0 pair of boots (worn)
 E - the +2 helmet "Bug Foz" (worn) {rN+ Int-2 Dex+4}
   (You found it on level 10 of the Dungeon)

   It affects your intelligence (-2).
   It affects your dexterity (+4).
   It protects you from negative energy.
 K - a +2 cloak of invisibility (worn)
Magical Staves
 b - an uncursed staff of earth
 H - an uncursed staff of energy
Jewellery
 p - an amulet of magic regeneration (around neck)
 w - a ring of protection from magic (left hand)
Wands
 o - a wand of iceblast (8)
 A - a wand of clouds (6)
 F - a wand of random effects (18)
 G - a wand of flame (24)
 J - a wand of polymorph (23)
Scrolls
 c - a scroll of brand weapon {!r, unknown}
 e - 2 scrolls of fog {!r}
 j - 4 scrolls of remove curse {!r}
 n - 3 scrolls of enchant armour {!r}
 t - 2 scrolls of fear {!r}
 u - a scroll of immolation {!r}
 v - 4 scrolls of teleportation {!r}
 z - 3 scrolls of amnesia {!r}
 D - a scroll of vulnerability {!r}
Potions
 d - 52 potions of blood {!q}
 f - 2 potions of haste {!q}
 g - a potion of heal wounds {!q}
 h - a potion of resistance {!q, unknown}
 k - 4 potions of brilliance {!q}
 l - 4 potions of curing {!q}
 s - a potion of cancellation {!q}
 B - a potion of might {!q}
 C - a potion of mutation {!q}
 I - a potion of ambrosia {!q}


   Skills:
 + Level 7.5 Fighting
 - Level 10.0 Short Blades
 + Level 9.5 Dodging
 - Level 10.0 Stealth
 - Level 4.0 Shields
 - Level 10.0 Spellcasting
 + Level 3.0 Charms
 - Level 10.0 Transmutations
 + Level 2.7 Air Magic
 - Level 10.0 Earth Magic


You had 14 spell levels left.
You knew the following spells:

 Your Spells              Type           Power        Failure   Level  Hunger
a - Sandblast             Erth           #####.       1%          1    None
b - Passwall              Tmut/Erth      #####...     1%          2    None
c - Deflect Missiles      Chrm/Air       ###.......   99%         6    ######.
d - Lee's Rapid Deconstr  Erth           #####.....   6%          5    #####..
e - Petrify               Tmut/Erth      #####...     1%          4    ###....

Your spell library contained the following spells:

 Spells                   Type           Power        Failure   Level  Hunger
 Stone Arrow              Conj/Erth      ####..       4%          3    None
 Freeze                   Ice            #...         13%         1    None
 Summon Small Mammal      Summ           #...         13%         1    None
 Call Imp                 Summ           #.......     19%         2    None
 Throw Frost              Conj/Ice       #.....       19%         2    None
 Ozocubu's Armour         Chrm/Ice       ##......     21%         3    None
 Call Canine Familiar     Summ           #.......     36%         3    None
 Summon Guardian Golem    Hex/Summ       #.......     36%         3    None
 Yara's Violent Unravell  Hex/Tmut       ####......   41%         5    #####..
 Summon Lightning Spire   Summ/Air       ##......     58%         4    ###....
 Cause Fear               Hex            #.........   77%         4    ###....
 Summon Ice Beast         Ice/Summ       #.......     77%         4    ###....
 Throw Icicle             Conj/Ice       #.......     77%         4    ###....
 Silence                  Hex/Air        ##........   90%         5    #####..
 Discord                  Hex            #.........   100%        8    #######


Dungeon Overview and Level Annotations

Branches:
Dungeon (13/15)            Temple (1/1) D:5            Lair (0/6) D:11
    Orc (2/2) D:9             Elf (0/3) Orc:2        Vaults (0/5) D:13

Altars:
Ashenzari
Dithmenos
Elyvilon
Fedhas
Gozag
Makhleb
Nemelex Xobeh
Okawaru
Qazlal
Ru
Sif Muna
Trog
Uskayaw
Vehumet
Wu Jian
Xom
Yredelemnul
Zin
The Shining One
Beogh

Shops:
D:5 =((*}   D:12 (   Orc:2 [[(*

Annotations:
Orc:1 nht's ghost, journeyman OgBe


Innate Abilities, Weirdness & Mutations

You do not heal naturally.
You are immune to poison.
You have razor-sharp teeth.
You have supernaturally acute eyesight. (SInv)
You can survive without breathing.


Message History

The orc is moving more slowly.
Your shadow mimicks your spell!
The orc struggles to resist.
The orc hits you but does no damage.
The orc warlord roars a battlecry!
The orc goes into a battle-frenzy!
Nht's ghost hits you!!
* * * LOW HITPOINT WARNING * * *
You hear a shout!
Unknown command.
Nht's ghost hits you but does no damage.
The orc stops moving altogether!
Casting: Petrify (safe; 1% risk of failure)
Confirm with . or Enter, or press ? or * to list all spells.
Aiming: Lee's Rapid Deconstruction (safe; 6% risk of failure)
Press: ? - help, Dir - move target cursor, f/p - orc Fragment what (e.g. wall or brittle monster)?: an orc, wielding a club The orc shatters!
You blow up the orc!
Dithmenos accepts your kill.
You feel devoid of blood! Nht's ghost hits you.
* * * LOW HITPOINT WARNING * * *
Nht's ghost says, "I'll split you in two!"
Things that are here:
a +0 robe; a +0 dagger Nht's ghost shrieks, "There is no future for me!"
Nht's ghost whispers, "The ORB doesn't exist."
There is a stone staircase leading up here.
Okay, then.
Really read
r - a scroll of identify {!r}?
As you read the scroll of identify {!r}, it crumbles to dust.
I - a potion of ambrosia {!q} Nht's ghost misses you.
You climb upwards.
There is a stone staircase leading down here.
There is a staircase back to the Dungeon here.
Nht's ghost hits you.
* * * LOW HITPOINT WARNING * * *
Nht's ghost hits you but does no damage.
Nht's ghost hits you but does no damage.
Nht's ghost says, "Try not to bleed too much."
Things that are here:
a cursed +0 chain mail; 3 tomahawks; a +0 long sword Nht's ghost hits you but does no damage.
Casting: Lee's Rapid Deconstruction (safe; 6% risk of failure)
Confirm with . or Enter, or press ? or * to list all spells.
Aiming: Passwall (safe; 1% risk of failure)
Press: ? - help, Dir - move target cursor, f - you Please select a wall.
This square is wreathed by an umbra.
Okay, then.
Casting: Passwall (safe; 1% risk of failure)
Confirm with . or Enter, or press ? or * to list all spells.
Aiming: Passwall (safe; 1% risk of failure)
Press: ? - help, Dir - move target cursor A rock wall.
This square is wreathed by an umbra.
You block nht's ghost's attack.
You begin to meditate on the wall.
You continue meditating on the rock.
Nht's ghost hits you!!
* * * LOW HITPOINT WARNING * * *
You continue meditating on the rock.
Nht's ghost hits you!!
You die...

##...............
##...........##...
#....#.......####.
##.#........## ##
##...>......## #
##............#
##.#...#......###
#..W..........[.##
##@#....)..[[....#
####........(.(##
#####.....##.##
##.#........###
#..[[...#..##
#......[##.##
##.#........#
###.......##
#........#


You could see nht's ghost.

Vanquished Creatures
  Snorg (Orc:1)
  Harold (D:10)
  2 hydras
  Erolcha (D:11)
  A death knight (D:12)
  2 centaur warriors
  4 two-headed ogres
  4 orc high priests
  An unseen horror (D:11)
  A wizard (D:13)
  6 orc knights
  A phantasmal warrior (D:12)
  2 deep elf magi (D:13)
  5 orc sorcerers (Orc:2)
  2 ugly things
  An oklob plant (D:10)
  4 cyclopes
  A manticore (D:12)
  2 gargoyles
  A komodo dragon (D:12)
  A centaur skeleton (D:13)
  6 trolls
  A queen bee (shapeshifter) (D:13)
  2 polar bears (D:7)
  A hornet (D:11)
  5 slime creatures (D:12)
  Prince Ribbit (D:9)
  A dream sheep (D:7)
  7 hippogriffs
  4 wraiths (D:12)
  6 yaks
  A shadow (D:12)
  5 humans (D:9)
  7 hungry ghosts
  5 wargs
  4 vampire mosquitoes (D:10)
  Menkaure (D:6)
  3 water moccasins
  21 orc warriors
  2 sky beasts
  4 black bears
  4 phantoms
  3 ice beasts
  A hornet zombie (D:12)
  8 ogres
  5 centaurs
  A crocodile (D:11)
  2 big kobolds
  Blork the orc (D:4)
  7 bullfrogs
  A wyvern skeleton (D:11)
  2 scorpions
  15 killer bees
  2 electric eels (D:9)
  4 wights (D:11)
  2 howler monkeys
  5 crimson imps
  A quasit (D:8)
  18 orc priests
  6 hounds
  A jelly (D:7)
  5 bullfrog zombies
  3 bullfrog skeletons
  26 orc wizards
  Natasha (thrice) (D:4 D:7)
  3 iguanas
  9 worker ants
  2 hound zombies
  2 hound skeletons
  2 worker ant zombies
  4 adders
  10 gnolls
  A howler monkey skeleton (D:7)
  3 shadow imps
  An ooze (D:3)
  2 worms
  4 leopard geckos
  79 orcs
  A bat (D:3)
  4 giant cockroaches
  2 goblins (D:3)
  A hobgoblin (D:3)
  6 jackals
  6 quokkas
  2 frilled lizards
  A jackal skeleton (D:4)
  12 kobolds
  A rat (D:3)
  A fungus (D:13)
  3 plants (D:10)
419 creatures vanquished.

Vanquished Creatures (others)
  An orc priest (Orc:2)
  3 fungi (D:13)
  20 toadstools
24 creatures vanquished.

Grand Total: 443 creatures vanquished

Notes
Turn   | Place    | Note
-------+----------+-------------------------------------------
     0 | D:1      | Amnesiac the Vampire Earth Elementalist began the quest for
                  | the Orb.
     0 | D:1      | Reached XP level 1. HP: 13/13 MP: 3/3
   414 | D:2      | Noticed an ogre
   433 | D:3      | Reached XP level 2. HP: 19/19 MP: 0/5
   477 | D:3      | Learned a level 2 spell: Passwall
   815 | D:3      | Reached XP level 3. HP: 19/24 MP: 2/7
   893 | D:3      | Reached XP level 4. HP: 30/30 MP: 3/8
   902 | D:3      | Learned a level 4 spell: Petrify
  1139 | D:2      | Found a burning altar of Makhleb.
  1319 | D:4      | Noticed Natasha
  1324 | D:4      | Killed Natasha
  1324 | D:4      | Reached XP level 5. HP: 35/35 MP: 6/9
  1547 | D:4      | Noticed Blork the orc
  1576 | D:4      | Killed Blork the orc
  1576 | D:4      | Reached skill level 1 in Short Blades
  1627 | D:4      | Reached XP level 6. HP: 41/41 MP: 1/11
  1801 | D:4      | Found a glowing silver altar of Zin.
  2377 | D:5      | Entered Level 5 of the Dungeon
  2394 | D:5      | Learned a level 5 spell: Lee's Rapid Deconstruction
  2403 | D:5      | Found a staircase to the Ecumenical Temple.
  2409 | D:5      | Found Efyri's General Store.
  2414 | D:5      | Bought a scroll of enchant armour for 75 gold pieces
  2473 | D:5      | Found Giconk's Weapon Shop.
  2511 | Temple   | Entered the Ecumenical Temple
  2604 | Temple   | Became a worshipper of Dithmenos the Shadowed
  2811 | D:5      | Found Piadu's Jewellery Boutique.
  2937 | D:5      | Found Papi's Gadget Shoppe.
  3085 | D:5      | Found Tiagodar's Weapon Boutique.
  3131 | D:5      | Noticed an air elemental
  3133 | D:5      | Found a stormy altar of Qazlal.
  3134 | D:5      | Noticed a fire elemental
  3134 | D:5      | Noticed a water elemental
  3219 | D:5      | Reached XP level 7. HP: 46/46 MP: 13/13
  3505 | D:6      | Noticed Menkaure
  3555 | D:6      | Killed Menkaure
  3555 | D:6      | Reached skill level 5 in Earth Magic
  3717 | D:6      | Found a bloodstained altar of Trog.
  3861 | D:6      | Reached XP level 8. HP: 52/52 MP: 12/14
  3945 | D:6      | Reached skill level 5 in Short Blades
  3945 | D:6      | Reached skill level 5 in Stealth
  3985 | D:6      | Found a deep blue altar of Sif Muna.
  4184 | D:7      | Noticed Natasha
  4214 | D:7      | Killed Natasha
  4222 | D:7      | Reached * piety under Dithmenos
  4272 | D:7      | Reached skill level 1 in Shields
  4299 | D:7      | Noticed Natasha
  4314 | D:7      | Killed Natasha
  4575 | D:7      | Found a huge runed gate.
  4575 | D:7      | Found a huge runed gate.
  4575 | D:7      | Found a huge runed gate.
  4575 | D:7      | Noticed a polar bear
  4576 | D:7      | Found a huge runed gate.
  4576 | D:7      | Noticed a dream sheep
  4576 | D:7      | Noticed a death yak
  4576 | D:7      | Noticed a hippogriff
  4577 | D:7      | Noticed a dream sheep
  4577 | D:7      | Noticed a hippogriff
  4577 | D:7      | Noticed a polar bear
  4584 | D:7      | Noticed a polar bear
  4591 | D:7      | Noticed a hippogriff
  4599 | D:7      | Killed a hippogriff
  4986 | D:7      | Killed a dream sheep
  4986 | D:7      | Reached XP level 9. HP: 57/57 MP: 9/15
  5003 | D:7      | Killed a polar bear
  5126 | D:7      | Killed a polar bear
  5550 | D:8      | Reached ** piety under Dithmenos
  5595 | D:8      | Reached XP level 10. HP: 60/63 MP: 1/16
  5804 | D:8      | Noticed a two-headed ogre
  5812 | D:8      | Killed a two-headed ogre
  5993 | D:8      | Found a sparkling altar of Nemelex Xobeh.
  6076 | D:9      | Found a shattered altar of Ashenzari.
  6302 | D:9      | Noticed Prince Ribbit
  6334 | D:9      | Killed Prince Ribbit
  6506 | D:9      | Reached skill level 10 in Short Blades
  6506 | D:9      | Reached skill level 10 in Stealth
  6617 | D:9      | Reached skill level 10 in Earth Magic
  6912 | D:9      | Found a basalt altar of Yredelemnul.
  7118 | D:9      | Found an ornate altar of the Wu Jian Council.
  7346 | D:10     | Entered Level 10 of the Dungeon
  7374 | D:10     | Reached skill level 1 in Fighting
  7391 | D:10     | Noticed a gargoyle
  7451 | D:10     | Killed a gargoyle
  7630 | D:10     | Got a polished ring mail
  7641 | D:10     | Identified the +0 ring mail "Pigrago" {-Cast rF+++ Regen+}
                  | (You found it on level 10 of the Dungeon)
  7655 | D:10     | Noticed Harold
  7676 | D:10     | Killed Harold
  7676 | D:10     | Reached *** piety under Dithmenos
  7676 | D:10     | Reached skill level 5 in Spellcasting
  7676 | D:10     | Reached XP level 11. HP: 43/72 MP: 14/18
  7790 | D:10     | Reached skill level 5 in Transmutations
  8119 | D:10     | Got a heavily runed helmet
  8130 | D:10     | Identified the +2 helmet "Bug Foz" {rN+ Int-2 Dex+4} (You
                  | found it on level 10 of the Dungeon)
  8457 | D:10     | Found a blossoming altar of Fedhas.
  8480 | D:10     | Noticed an oklob plant
  9093 | D:10     | Killed an oklob plant
  9294 | D:10     | Reached skill level 5 in Dodging
  9319 | D:10     | Noticed a centaur warrior
  9326 | D:10     | Killed a centaur warrior
  9860 | D:11     | Noticed an unseen horror
  9867 | D:11     | Killed an unseen horror
 10091 | D:11     | Noticed Erolcha
 10100 | D:11     | Killed Erolcha
 10136 | D:11     | Reached skill level 5 in Fighting
 10232 | D:11     | Noticed a four-headed hydra
 10248 | D:11     | Killed a four-headed hydra
 10318 | D:11     | Reached **** piety under Dithmenos
 10445 | D:11     | Found a staircase to the Lair.
 10865 | D:12     | Noticed a cyan ugly thing
 10875 | D:12     | Killed a cyan ugly thing
 10886 | D:12     | Noticed a seven-headed hydra
 10888 | D:12     | Killed a seven-headed hydra
 10888 | D:12     | Reached XP level 12. HP: 87/87 MP: 19/21
 11512 | D:12     | Reached ***** piety under Dithmenos
 11552 | D:12     | Found Dicoi's Weapon Emporium.
 11557 | D:12     | Bought a +2 quick blade for 351 gold pieces
 11958 | D:12     | Noticed a death knight
 12207 | D:12     | Killed a death knight
 12288 | D:13     | Noticed a two-headed ogre
 12500 | D:13     | Noticed a centaur warrior
 12510 | D:13     | Killed a centaur warrior
 13020 | D:13     | Found a gate to the Vaults.
 13066 | D:13     | Killed a two-headed ogre
 13317 | D:9      | Found a staircase to the Orcish Mines.
 13393 | Orc:1    | Entered Level 1 of the Orcish Mines
 13410 | Orc:1    | Reached XP level 13. HP: 96/96 MP: 14/25
 13613 | Orc:1    | Found a roughly hewn altar of Beogh.
 13619 | Orc:1    | Found a roughly hewn altar of Beogh.
 13983 | Orc:2    | Entered Level 2 of the Orcish Mines
 14025 | Orc:2    | Paralysed by an orc sorcerer for 2 turns
 14099 | Orc:2    | Noticed Snorg
 14161 | Orc:1    | Killed Snorg
 14291 | Orc:2    | Reached skill level 10 in Transmutations
 14459 | Orc:2    | Found a staircase to the Elven Halls.
 14636 | Orc:2    | Found a runed gate.
 14636 | Orc:2    | Found a runed gate.
 14638 | Orc:2    | Found a runed gate.
 14666 | Orc:2    | Reached skill level 10 in Spellcasting
 14674 | Orc:2    | Learned a level 6 spell: Deflect Missiles
 14736 | Orc:2    | Reached ****** piety under Dithmenos
 14869 | Orc:2    | Reached skill level 1 in Charms
 14887 | Orc:2    | Reached skill level 1 in Air Magic
 15086 | Orc:2    | Noticed an orc warlord
 15309 | Orc:2    | Noticed nht's ghost (journeyman OgBe)
 15310 | Orc:2    | Found a roughly hewn altar of Beogh.
 15411 | Orc:2    | Found Hoedaz's Assorted Antiques.
 15411 | Orc:2    | Found Biolucikk's Antique Weapon Shop.
 15413 | Orc:2    | Found Kuynad's Antique Armour Shoppe.
 15413 | Orc:2    | Found Haisu's Armour Shop.
 15419 | Orc:2    | Bought a scroll labeled CAQEETYUJO for 22 gold pieces
 15419 | Orc:2    | Bought a bubbling silvery potion for 19 gold pieces
 15428 | Orc:2    | Bought a warped dagger for 245 gold pieces
 15456 | Orc:2    | Bought a +1 cloak of invisibility for 264 gold pieces
 15656 | Orc:1    | Mangled by nht's ghost

Vault maps used:
D:1:      roderic_crossed_star, minmay_tromino_v4_b
D:2:      old_standard_altar, lemuel_round_altar, lemuel_doored_altar,
          first_ration, bloody_trog, uniq_sigmund
D:3:      kennysheep_slug_shrine
D:4:      zin_statuary, uniq_blork_the_orc, uniq_natasha
D:5:      nicolae_qazlal_style_of_elements, temple_pool_b, serial_shops, shop,
          nicolae_shop_behind_doors, shop, nicolae_shop_trees,
          nicolae_shop_stone
D:6:      overflow_temple_1_default, marbit_many_paths, uniq_menkaure
D:7:      lemuel_bear_cage, grunt_ogre_cave
D:8:      nicolae_whirlpool, kennysheep_little_box,
          onia_ninara_dug_in_and_dangerous
D:9:      cheibrodos_ashenzari_chains, kennysheep_mini_moat,
          lemuel_coloured_pillars_altar, erik_orc_2, minmay_ruffians,
          uniq_prince_ribbit1
D:10:     tgw_fedhas, uniq_harold
D:11:     lair_entry_dummy, uniq_erolcha
D:12:     serial_shops, nicolae_shop_trees, chequers_serial_rivers_small_b
D:13:     david_vaults_1, minmay_gold_behind_fungi
Temple:   zaba_magenta_temple
Orc:1:    basic_altar, kennysheep_orc_chapel
Orc:2:    grunt_orc_tribal_feast, biasface_ghost_orc_armoury, uniq_snorg

Skill      XL: |  1  2  3  4  5  6  7  8  9 10 11 12 13 |
---------------+----------------------------------------+-----
Spellcasting   | 3 4 5 6 8 10 | 10.0
Transmutations | 2 3 4 6 9 10 | 10.0
Stealth        | 4 5 8 10 | 10.0
Short Blades   | 1 3 4 5 8 10 | 10.0
Earth Magic    | 4 6 8 10 | 10.0
Shields        | 3 4 |  4.0
Fighting       | 1 5 7 |  7.5
Dodging        | 3 7 9 |  9.5
Charms         | 3 |  3.0
Air Magic      | 2 |  2.7

Action                   |  1- 3 |  4- 6 |  7- 9 | 10-12 | 13-15 || total
-------------------------+-------+-------+-------+-------+-------++-------
Melee: Unarmed           |    32 |       |       |       |       ||    32
       Bite              |     3 |     9 |    19 |   140 |    34 ||   205
       Dagger            |       |    95 |   178 |   648 |       ||   921
       Quick blade       |       |       |       |   119 |   268 ||   387
Throw: Stone             |       |       |       |       |     1 ||     1
 Cast: Sandblast         |    15 |    46 |    30 |    71 |    24 ||   186
       Passwall          |     1 |     9 |     7 |    23 |     5 ||    45
       Petrify           |       |    14 |    48 |   170 |    98 ||   330
       Lee's Rapid Decon |       |       |     5 |    34 |     5 ||    44
 Abil: End Transformatio |       |       |     1 |     2 |     3 ||     6
       Bat Form          |       |       |     1 |     2 |     3 ||     6
Evoke: Wand              |       |       |       |     1 |       ||     1
  Use: Potion            |       |    10 |       |     6 |     1 ||    17
       Scroll            |       |       |     7 |    14 |     2 ||    23
 Stab: Sleeping          |     1 |    11 |    19 |    54 |     3 ||    88
       Petrified         |       |    16 |    36 |    82 |    42 ||   176
       Petrifying        |       |       |     6 |    25 |    33 ||    64
Armor: Robe              |     9 |    34 |    39 |    11 |       ||    93
       Ring mail         |       |       |       |    23 |       ||    23
       Troll leather arm |       |       |       |    17 |    24 ||    41
Dodge: Dodged            |    16 |    59 |   114 |   209 |   127 ||   525
Block: Buckler           |       |       |    14 |    75 |    44 ||   133

Table legend:
 A = Non-vault XP
 B = Vault XP
 C = Vault XP percentage of total XP
 D = Non-vault monster count
 E = Vault monster count
 F = Vault count percentage of total count
                 A         B        C        D         E       F
            +---------+---------+-------+---------+---------+-------
      Total |   35745 |   20039 |  35.9 |     328 |      87 |  21.0
            +---------+---------+-------+---------+---------+-------
        D:1 |       3 |       0 |   0.0 |       2 |       0 |   0.0
        D:3 |     140 |       0 |   0.0 |      19 |       0 |   0.0
        D:4 |     233 |     131 |  36.0 |      17 |       2 |  10.5
        D:5 |     227 |       0 |   0.0 |       8 |       0 |   0.0
        D:6 |     750 |     172 |  18.7 |      21 |       1 |   4.5
        D:7 |     985 |    1810 |  64.8 |      20 |       9 |  31.0
        D:8 |    2343 |     108 |   4.4 |      20 |       1 |   4.8
        D:9 |     769 |    1984 |  72.1 |      16 |      26 |  61.9
       D:10 |    3560 |    1553 |  30.4 |      41 |       2 |   4.7
       D:11 |    5411 |     965 |  15.1 |      27 |       1 |   3.6
       D:12 |    9772 |     296 |   2.9 |      59 |       1 |   1.7
       D:13 |    4202 |    2410 |  36.4 |      20 |       4 |  16.7
      Orc:1 |    3865 |    2270 |  37.0 |      35 |       6 |  14.6
      Orc:2 |    3485 |    8340 |  70.5 |      23 |      34 |  59.6
            +---------+---------+-------+---------+---------+-------
